 Dungeon Crawl Stone Soup version 0.26-a0-537-g96b2eae49b (webtiles) character file.

Game seed: 3682034773459430376

16944 MrRokkomies the Fighter (level 11, -2/102 HPs)
             Began as a Demigod Wanderer on Aug 14, 2020.
             Slain by a skeletal warrior
             ... wielding a +0 short sword
             ... led by a skeletal warrior
              (16 damage)
             ... on level 13 of the Dungeon.
             The game lasted 00:28:35 (18536 turns).

MrRokkomies the Fighter (Demigod Wanderer)         Turns: 18536, Time: 00:28:36

Health: -2/102     AC: 15    Str: 16    XL:     11   Next: 86%
Magic:  17/17      EV:  8    Int: 21    God:
Gold:   787        SH: 12    Dex: 15    Spells: 5/13 levels left

rFire    + + .     SeeInvis +   b - +10 long sword of Deformation {vorpal, *Rage rF+ SInv}
rCold    + + .     Faith    .   l - +0 kite shield {rF+}
rNeg     . . .     Spirit   .   G - +0 scale mail {rC+}
rPois    .         Reflect  .   m - +2 helmet
rElec    .         Harm     .   B - scarf {repulsion}
rCorr    .         Rnd*Rage +   k - +0 pair of gloves
MR       +....                  i - +1 pair of boots
Stlth    ..........             g - amulet of the acrobat
HPRegen  0.27/turn              p - ring of protection from cold
MPRegen  0.15/turn              y - ring of wizardry

@: repel missiles
A: high mp 1
a: no special abilities


You were on level 13 of the Dungeon.
You visited 2 branches of the dungeon, and saw 14 of its levels.

You collected 787 gold pieces.

Inventory:

Hand Weapons
 a - a +2 whip of venom
 b - the +10 long sword of Deformation (weapon) {vorpal, *Rage rF+ SInv}
   (You took it off a wight on level 11 of the Dungeon)

   It inflicts extra damage upon your enemies.
   It protects you from fire.
   It lets you see invisible.
   It may make you go berserk in combat.
 E - a +0 mace of protection
 I - a +3 dagger of electrocution
 L - a cursed +3 morningstar
Missiles
 n - 17 poisoned darts (quivered)
 C - 59 sling bullets
 D - 3 throwing nets
 H - 16 boomerangs
Armour
 i - a +1 pair of boots (worn)
 k - a +0 pair of gloves (worn)
 l - a +0 kite shield of fire resistance (worn)
 m - a +2 helmet (worn)
 B - a scarf of repulsion (worn)
 G - a +0 scale mail of cold resistance (worn)
Jewellery
 g - an amulet of the acrobat (around neck)
 p - a ring of protection from cold (left hand)
 v - an uncursed ring of wizardry
 y - a ring of wizardry (right hand)
Wands
 u - a wand of flame (10)
 z - a wand of enslavement (6)
 N - a wand of acid (10)
Scrolls
 c - a scroll of teleportation
 d - 2 scrolls of blinking
 e - 5 scrolls of remove curse
 q - a scroll of enchant weapon
 s - 3 scrolls of amnesia
 A - a scroll of fog
 F - 7 scrolls of identify
 J - 2 scrolls of magic mapping
Potions
 f - 4 potions of curing
 h - 3 potions of stabbing
 j - 4 potions of lignification
 o - 2 potions of heal wounds
 r - 3 potions of flight
 t - 3 potions of mutation
 w - 3 potions of brilliance
 x - 2 potions of might
 K - a potion of cancellation
 M - 2 potions of haste


   Skills:
 * Level 11.1 Fighting
 + Level 5.9 Maces & Flails
 - Level 1.0 Throwing
 + Level 8.4 Armour
 - Level 1.0 Stealth
 * Level 10.7 Shields
 - Level 1.7 Spellcasting
   Level 1.0 Conjurations
 - Level 1.5 Necromancy


You had 5 spell levels left.
You knew the following spells:

 Your Spells              Type           Power        Failure   Level
a - Animate Skeleton      Necr           #.....       16%         1
b - Vampiric Draining     Necr           #.........   43%         3
c - Animate Dead          Necr           #.........   82%         4

Your spell library contained the following spells:

 Spells                   Type           Power        Failure   Level
 Pain                     Necr           #...         16%         1
 Corona                   Hex            #......      30%         1
 Ensorcelled Hibernation  Hex/Ice        #.....       41%         2
 Dazzling Flash           Conj/Hex       #.....       56%         3
 Confusing Touch          Hex            #.......     65%         3
 Tukima's Dance           Hex            #.......     65%         3
 Agony                    Necr           #.......     98%         5


Dungeon Overview and Level Annotations

Branches:
Dungeon (13/15)            Temple (0/1) D:5            Lair (1/6) D:11
    Orc (0/2) D:11
 Vaults: D:13-14

Annotations:
D:7 Harold
D:8 2 transporters, Renjy's ghost, novice VSIE
D:9 exclusions: oklob plant and oklob sapling, Erolcha


Innate Abilities, Weirdness & Mutations

You have an increased reservoir of magic. (+10% MP)


Message History

You hit the skeletal warrior.
The skeletal warrior is severely damaged.
The skeletal warrior hits you with a +0 short sword!
You hit the skeletal warrior but do no damage.
The skeletal warrior is severely damaged.
You block the skeletal warrior's attack.
The skeletal warrior hits you but does no damage.
You slash the skeletal warrior!
The skeletal warrior is severely damaged.
The skeletal warrior hits you with a +0 short sword!
* * * LOW HITPOINT WARNING * * *
You barely miss the skeletal warrior.
The skeletal warrior is severely damaged.
The skeletal warrior hits you with a +0 short sword!
* * * LOW HITPOINT WARNING * * *
You block the skeletal warrior's attack.
You hit the skeletal warrior but do no damage.
The skeletal warrior is severely damaged.
The skeletal warrior hits you with a +0 short sword!
You die...

#......>..# #.........#
#.........# #.........#
### #####+###.#
#.########
#.........######........#
#........##....#........#
#.......................#
#.......@z..............#
#.......................'
##.......##....###'###..#
##.......##....##...##..#
#.........#....#.........
#.........#....#.........
#........########........
#........# ######..#
##.......# ##...##..#


You could see a skeletal warrior.

Vanquished Creatures
  Fannar (D:12)
  2 centaur warriors (D:10)
  A two-headed ogre (D:12)
  3 unseen horrors
  3 ugly things
  A manticore (D:12)
  3 centaur zombies (D:12)
  A gargoyle (D:12)
  A centaur skeleton (D:13)
  4 trolls
  A meliai (shapeshifter) (D:13)
  A blink frog (D:7)
  3 hippogriffs
  A meliai zombie (D:12)
  A water elemental (D:10)
  Sigmund (D:3)
  A shadow (D:11)
  A vampire (D:12)
  A wyvern (D:10)
  2 wraiths
  3 water moccasins
  3 porcupines
  3 ice beasts
  3 sky beasts
  A necrophage (D:9)
  4 black bears (D:11)
  5 ogres
  7 orc warriors
  A boggart (D:8)
  2 centaurs
  2 crocodiles
  Blork the orc (D:6)
  2 big kobolds
  10 bullfrogs
  4 scorpions
  9 killer bees (D:8)
  2 jellies
  2 electric eels (D:11)
  8 wights
  3 howler monkeys
  4 hounds
  2 bullfrog zombies
  7 orc priests
  Crazy Yiuf (D:3)
  8 orc wizards
  Natasha (thrice) (D:3)
  3 iguanas
  8 worker ants
  A killer bee zombie (D:6)
  A hound skeleton (D:4)
  3 worker ant zombies
  Robin (D:3)
  4 gnolls (D:4)
  16 adders
  3 shadow imps
  A white imp (D:7)
  3 oozes
  3 adder skeletons
  3 worms
  2 dart slugs
  5 leopard geckos
  43 orcs
  4 giant cockroaches
  15 goblins
  3 hobgoblins
  6 jackals
  11 kobolds
  7 ball pythons
  5 bats
  3 frilled lizards
  A jackal skeleton (D:4)
  A leopard gecko skeleton (D:4)
  3 rats
292 creatures vanquished.

Vanquished Creatures (collateral kills)
  A komodo dragon (D:10)
  A sky beast (D:8)
  A scorpion (D:10)
  An orc wizard (D:10)
  6 orcs
10 creatures vanquished.

Vanquished Creatures (others)
  A human (D:13)
  A howler monkey (D:10)
  An orc wizard (D:10)
  An orc (D:11)
  13 fungi (D:11)
  4 plants (D:11)
21 creatures vanquished.

Grand Total: 323 creatures vanquished

Notes
Turn   | Place    | Note
-------+----------+-------------------------------------------
     0 | D:1      | MrRokkomies the Demigod Wanderer began the quest for the
                  | Orb.
     0 | D:1      | MrRokkomies set off with the following items: a +0 club, a
                  | scroll of teleportation, a +2 scale mail; and the following
                  | spell memorised: Animate Skeleton; and the following spells
                  | available to memorise: Vampiric Draining
     0 | D:1      | Reached XP level 1. HP: 17/17 MP: 5/5
   402 | D:1      | Reached skill level 2 in Fighting
   852 | D:2      | Reached skill level 1 in Maces & Flails
   852 | D:2      | Reached XP level 2. HP: 13/24 MP: 7/7
  1517 | D:2      | Found a faded altar of an unknown god.
  1552 | D:2      | Reached XP level 3. HP: 30/30 MP: 8/8
  2151 | D:3      | Noticed Natasha
  2155 | D:3      | Killed Natasha
  2155 | D:3      | Reached skill level 1 in Necromancy
  2381 | D:3      | Reached XP level 4. HP: 14/37 MP: 9/9
  2607 | D:3      | Found a snail-covered altar of Cheibriados.
  2665 | D:3      | Found a runed translucent door.
  2666 | D:3      | Noticed Crazy Yiuf
  2747 | D:3      | Reached skill level 3 in Fighting
  3023 | D:3      | Noticed Sigmund
  3213 | D:4      | Noticed Robin
  3301 | D:3      | Killed Robin
  3301 | D:3      | Reached XP level 5. HP: 30/45 MP: 10/10
  4051 | D:4      | Reached skill level 1 in Shields
  4414 | D:4      | Learned a level 3 spell: Vampiric Draining
  4431 | D:5      | Entered Level 5 of the Dungeon
  4434 | D:5      | Found a basalt altar of Yredelemnul.
  4470 | D:5      | Reached XP level 6. HP: 39/51 MP: 11/11
  4883 | D:5      | Reached skill level 4 in Fighting
  4883 | D:5      | Reached XP level 7. HP: 52/59 MP: 12/12
  5061 | D:5      | Found a staircase to the Ecumenical Temple.
  5182 | D:3      | Noticed Natasha
  5204 | D:3      | Killed Natasha
  5514 | D:3      | Killed Sigmund
  5553 | D:3      | Noticed Natasha
  5561 | D:3      | Killed Natasha
  5795 | D:3      | Killed Crazy Yiuf
  6096 | D:6      | Reached skill level 5 in Fighting
  6540 | D:6      | Reached XP level 8. HP: 18/68 MP: 13/13
  7113 | D:6      | Noticed Blork the orc
  7124 | D:6      | Killed Blork the orc
  7245 | D:7      | Noticed Dowan
  7251 | D:7      | Noticed Duvessa
  7265 | D:7      | Noticed Duvessa
  7265 | D:7      | Duvessa changed into Duvessa the crocodile
  7276 | D:7      | Killed Duvessa the crocodile
  7279 | D:7      | Noticed Dowan
  7279 | D:7      | Dowan changed into Dowan the iguana
  7282 | D:7      | Killed Dowan the iguana
  7381 | D:7      | Noticed Harold
  7391 | D:6      | Reached skill level 5 in Shields
  7437 | D:7      | Noticed Harold
  7437 | D:7      | Harold changed into Harold the manticore
  7544 | D:7      | Noticed Joseph
  7549 | D:7      | Noticed Joseph
  7549 | D:7      | Joseph changed into Joseph the blink frog
  7585 | D:7      | Killed Joseph the blink frog
  7585 | D:7      | Reached skill level 6 in Fighting
  7585 | D:7      | Reached skill level 5 in Armour
  8434 | D:8      | Noticed Renjy's ghost (novice VSIE)
  8434 | D:8      | Identified the +7 great mace "Qonetiju" {freeze, rF+ Str+4
                  | Int+3}
  8435 | D:8      | Found a transporter.
  8440 | D:8      | Found a transporter.
  8475 | D:8      | Reached XP level 9. HP: 36/78 MP: 14/14
  8574 | D:8      | Reached skill level 7 in Fighting
  8824 | D:8      | Noticed Psyche
  8825 | D:8      | Noticed Psyche
  8825 | D:8      | Psyche changed into Psyche the boggart
  8828 | D:8      | Killed Psyche the boggart
  9086 | D:8      | Found a burning altar of Makhleb.
  9086 | D:8      | Noticed an Executioner
  9147 | D:8      | Noticed Maurice
  9158 | D:8      | Noticed Maurice
  9158 | D:8      | Maurice changed into Maurice the crocodile
  9176 | D:8      | Killed Maurice the crocodile
 10076 | D:9      | Reached skill level 8 in Fighting
 11217 | D:9      | Noticed an oklob plant
 11261 | D:9      | Noticed Erolcha
 11377 | D:10     | Entered Level 10 of the Dungeon
 11380 | D:10     | Noticed a komodo dragon
 11404 | D:10     | Killed a komodo dragon
 11404 | D:10     | Reached XP level 10. HP: 87/90 MP: 15/15
 11648 | D:10     | Noticed a centaur warrior
 11679 | D:10     | Killed a centaur warrior
 11679 | D:10     | Reached skill level 9 in Fighting
 12902 | D:10     | Noticed a centaur warrior
 12919 | D:10     | Killed a centaur warrior
 13675 | D:10     | Learned a level 4 spell: Animate Dead
 14790 | D:11     | Noticed a cyan ugly thing
 14964 | D:11     | Killed a cyan ugly thing
 14964 | D:11     | Reached XP level 11. HP: 56/99 MP: 17/17
 15133 | D:11     | Found a staircase to the Lair.
 15247 | D:11     | Identified the +10 long sword of Deformation {vorpal, *Rage
                  | rF+ SInv}
 15281 | D:11     | Killed an unseen horror
 15281 | D:11     | Reached skill level 10 in Fighting
 15926 | D:10     | Noticed an unseen horror
 15930 | D:10     | Killed an unseen horror
 16296 | D:11     | Found a staircase to the Orcish Mines.
 16334 | Lair:1   | Entered Level 1 of the Lair of Beasts
 16335 | Lair:1   | Noticed a five-headed hydra
 16392 | D:12     | Reached skill level 5 in Maces & Flails
 16396 | D:12     | Noticed a two-headed ogre
 16407 | D:12     | Killed a two-headed ogre
 16407 | D:12     | Reached skill level 10 in Shields
 17092 | D:12     | Noticed Fannar
 17108 | D:12     | Killed Fannar
 17605 | D:12     | Noticed an unseen horror
 17662 | D:12     | Killed an unseen horror
 17784 | D:12     | Reached skill level 11 in Fighting
 18089 | D:13     | Noticed a skeletal warrior
 18089 | D:13     | Noticed a skeletal warrior
 18536 | D:13     | Slain by a skeletal warrior

Illustrated notes

Levels and vault maps discovered:
D:1:      dpeg_arrival_arbitrary_b, layout_basic,
          minmay_misc_feat_secret_circle, minmay_pentomino_t2
D:2:      layout_loops_ring, chequers_ecumenical_altar_lobes
D:3:      layout_loops_corners, cheibriados_altar_1, uniq_crazy_yiuf_cottage,
          uniq_sigmund, uniq_natasha
D:4:      layout_loops_ring, uniq_robin
D:5:      layout_basic, minmay_temple_entry_poolview, corexii_shack,
          skrybe_limestone_x, yredelemnul_altar_generic
D:6:      layout_basic, uniq_blork_the_orc
D:7:      layout_basic, item_on_display_a, uniq_harold, uniq_joseph,
          uniq_duvessa
D:8:      layout_loops_ring, gammafunk_ghost_smash, st_stairs_5,
          makhleb_altar_promises_db, uniq_psyche, uniq_maurice
D:9:      layout_rooms, introduction_to_nature_1, uniq_erolcha
D:10:     layout_gridville, minmay_misc_feat_alley, lightli_fourway_metalbox
D:11:     layout_basic, due_lair_maze_entry_diamond, orc_0_dummy
D:12:     layout_basic, uniq_fannar
D:13:     layout_gridville, ximxim_vaults_locker_room, st_stairs_3,
          jmf_multi_god_temple2
Lair:1:   layout_hall_layers, uniq_sonja, uniq_gastronok, uniq_grum

Skill      XL: |  1  2  3  4  5  6  7  8  9 10 11 |
---------------+----------------------------------+-----
Fighting       | 2 3 4 5 6 8 9 11 | 11.1
Maces & Flails | 1 2 3 4 5 |  5.9
Armour         | 3 4 5 6 7 8 |  8.4
Necromancy     | 1 |  1.5
Shields        | 1 2 4 6 8 9 10 | 10.7
Throwing       | |  1.0
Stealth        | |  1.0
Spellcasting   | |  1.7
Conjurations   | |  1.0

Action                   |  1- 3 |  4- 6 |  7- 9 | 10-12 || total
-------------------------+-------+-------+-------+-------++-------
Melee: Mace              |   130 |   221 |    35 |   113 ||   499
       Club              |     5 |       |       |       ||     5
       Dagger            |       |    57 |   513 |       ||   570
       Whip              |       |       |    62 |   457 ||   519
       Long sword        |       |       |       |    96 ||    96
Throw: Dart              |       |       |     8 |     8 ||    16
Evoke: Wand              |       |       |    19 |     1 ||    20
  Use: Scroll            |     5 |     3 |     7 |     6 ||    21
       Potion            |     1 |       |     2 |     1 ||     4
Armor: Scale mail        |    68 |   181 |   275 |   355 ||   879
       Skin              |       |       |    24 |       ||    24
Dodge: Dodged            |    57 |   117 |   185 |   256 ||   615
       Repelled          |       |       |     5 |     4 ||     9
Block: Kite shield       |       |    83 |   298 |   417 ||   798
       Rpst.: Long sword |       |       |       |     9 ||     9

Table legend: (Time is in decaauts)
 A = Elapsed time spent in this place.
 B = Non-inter-level travel time spent in this place.
 C = Inter-level travel time spent in this place.
 D = Time resting spent in this place.
 E = Time spent auto-exploring this place.
 F = Levels seen in this place.
 G = Mean time per level.
                   A        B        C        D        E       F      G
               +--------+--------+--------+--------+--------+-----+--------+
         Total |  18831 |  18307 |    524 |   4897 |  10103 |  14 | 1345.1 |
       Dungeon |  18823 |  18299 |    524 |   4897 |  10103 |  13 | 1447.9 |
          Lair |      8 |      8 |      0 |      0 |      0 |   1 |    8.0 |
               +--------+--------+--------+--------+--------+-----+--------+

Top non-repeatable levels by time:
    D:10: 3229 daAuts
     D:8: 2180 daAuts
     D:3: 2122 daAuts
    D:12: 1814 daAuts
    D:11: 1794 daAuts
     D:6: 1429 daAuts
     D:2: 1277 daAuts
     D:4: 1109 daAuts
     D:9: 979 daAuts
     D:7: 905 daAuts
     D:1: 841 daAuts
     D:5: 705 daAuts
    D:13: 434 daAuts
  Lair:1: 8 daAuts
